 Dungeon Crawl Stone Soup version 0.27.0-1-g7a089689b8 (webtiles) character file.

Game seed: 18439789609890176142

24201 inmateoo the Fighter (level 13, -15/270 HPs)
             Began as an Ogre Delver on Aug 6, 2021.
             Was the Champion of Okawaru.
             Demolished by a vampire (19 damage)
             ... on level 11 of the Dungeon.
             The game lasted 00:24:20 (9980 turns).

inmateoo the Fighter (Ogre Delver)                  Turns: 9980, Time: 00:24:21

Health: -15/270    AC: 26    Str: 20    XL:     13   Next: 11%
Magic:  24/26      EV: 11    Int: 18    God:    Okawaru [******]
Gold:   585        SH:  0    Dex: 12    Spells: 21/30 levels left

rFire    . . .     SeeInvis .     - Unarmed
rCold    . . .     Faith    .   (no shield)
rNeg     + . .     Spirit   .   (armour currently unavailable)
rPois    ∞         Reflect  .   K - +0 hat {Will+}
rElec    +         Harm     .   A - +2 cloak
rCorr    .         Rampage  .   (gloves unavailable)
Will     ++...                  (boots unavailable)
Stlth    ..........             m - amulet of regeneration
HPRegen  0.00/turn              l - ring of wizardry
MPRegen  0.20/turn              y - +6 ring of intelligence

@: berserking, statue-form, unable to read, inhibited regen, studying Armour
A: slow and powerful, torment resistance 1, boosted hp, large, unfitting armour,
(tough skin 1), inhibited regeneration, subdued magic 1, inability to read while
threatened
a: End Transformation, Renounce Religion, Heroism, Finesse


You were on level 11 of the Dungeon.
You worshipped Okawaru.
Okawaru was exalted by your worship.
You were a living statue of rough stone.
You visited 2 branches of the dungeon, and saw 12 of its levels.
You also visited: Bailey.

You collected 585 gold pieces.

Inventory:

Hand Weapons
 a - a +5 short sword of protection
 p - a +0 short sword of electrocution
 r - a +3 short sword of venom
 w - a +2 mace of venom
Missiles
 j - 7 atropa-tipped darts
 v - 16 boomerangs (quivered)
 B - 4 throwing nets
 F - 13 large rocks
Armour
 A - a +2 cloak (worn)
 K - a +0 hat of willpower (worn)
 L - the +3 robe of Xom's Approval (melded) {rElec rC+}
   (You took it off an efreet on level 10 of the Dungeon)

   rC:        It protects you from cold.
   rElec:     It insulates you from electricity.
Jewellery
 l - a ring of wizardry (left fist)
 m - an amulet of regeneration (around neck)
 q - a ring of ice
 y - a +6 ring of intelligence (right fist)
 H - an amulet of reflection
 I - an amulet of guardian spirit
 M - a +6 ring of dexterity
Wands
 g - a wand of digging (3)
 h - a wand of flame (40)
 s - a wand of iceblast (4)
 D - a wand of charming (7)
Scrolls
 c - a scroll of fog
 d - 3 scrolls of magic mapping
 e - a scroll of fear
 k - 2 scrolls of identify
 n - 3 scrolls of teleportation
 t - 2 scrolls of amnesia
 E - a scroll of holy word
 J - a scroll of brand weapon
Potions
 b - a potion of lignification
 f - 3 potions of haste
 o - 3 potions of attraction
 u - 2 potions of might
 x - a potion of magic
 C - a potion of cancellation
 G - a potion of curing
Miscellaneous
 N - a condenser vane (inert)


   Skills:
 + Level 11.8 Fighting
 - Level 5.1 Axes
 - Level 5.0 Throwing
 + Level 6.0 Dodging
 - Level 6.0 Stealth
 + Level 6.7 Unarmed Combat
 + Level 9.4 Spellcasting
 + Level 7.8 Transmutations
 + Level 7.8 Earth Magic
 - Level 5.0 Invocations


You had 21 spell levels left.
You knew the following spells:

 Your Spells              Type           Power      Damage    Failure   Level
a - Statue Form           Tmut/Erth      18%        N/A       17%         6
b - Apportation           Tloc           12%        N/A       2%          1
c - Passwall              Tmut/Erth      23%        N/A       1%          2

Your spell library contained the following spells:

 Spells                   Type           Power      Damage    Failure   Level
 Animate Skeleton         Necr           12%        N/A       2%          1
 Corona                   Hex            6%         N/A       2%          1
 Freeze                   Ice            24%        1d5       2%          1
 Summon Small Mammal      Summ           24%        N/A       2%          1
 Ensorcelled Hibernation  Hex/Ice        12%        N/A       4%          2
 Ice Form                 Ice/Tmut       17%        N/A       6%          4
 Leda's Liquefaction      Hex/Erth       8%         N/A       6%          4
 Call Canine Familiar     Summ           6%         N/A       9%          3
 Frozen Ramparts          Ice            12%        1d3       9%          3
 Summon Guardian Golem    Hex/Summ       6%         N/A       9%          3
 Swiftness                Air            6%         N/A       9%          3
 Tukima's Dance           Hex            6%         N/A       9%          3
 Alistair's Intoxication  Tmut/Pois      11%        N/A       16%         5
 Yara's Violent Unravell  Hex/Tmut       8%         3d5       16%         5
 Hailstorm                Conj/Ice       6%         3d4       28%         4
 Passage of Golubria      Tloc           N/A        N/A       28%         4
 Summon Ice Beast         Ice/Summ       6%         N/A       28%         4
 Bolt of Magma            Conj/Fire/Erth 6%         4d6       28%         5
 Invisibility             Hex            3%         N/A       99%         6


Dungeon Overview and Level Annotations

Branches:
Dungeon (11/15)            Temple (1/1) D:6            Lair (0/6) D:9
    Orc (0/2) D:10         Bailey (visited)

Altars:
Ashenzari
Cheibriados
Dithmenos
Fedhas
Gozag
Hepliaklqana
Kikubaaqudgha
Makhleb
Nemelex Xobeh
Okawaru
Ru
Sif Muna
Trog
Uskayaw
Vehumet
Wu Jian
Xom
Yredelemnul
Zin
The Shining One
Lugonu

Shops:
D:1 [   D:4 :   D:7 =   D:9 *

Annotations:
D:4 3 runed translucent doors, MoonlitKnight's ghost, amateur MfGl


Innate Abilities, Weirdness & Mutations

You are a living statue of rough stone.
Your actions are slow, but your melee attacks are powerful.
You are resistant to unholy torment.
Your maximum health is greatly increased.
You are immune to poison.
Your equipment is partially melded.
You are too large for most types of armour.
((You have tough skin. (AC +1)))
You do not regenerate when monsters are visible.
Your spells are a little easier to cast, but a little less powerful.
You sometimes lose the ability to read scrolls when taking damage.


Message History

You closely miss something.
You hear a zap.
A bolt of acid appears from out of thin air!
The bolt of acid hits you!
* * * LOW HITPOINT WARNING * * *
You are splashed with acid!
* * * LOW HITPOINT WARNING * * *
Something hits you but does no damage. Something bites you but does no damage.
You feel much better. Something hits you.
* * * LOW HITPOINT WARNING * * *
x2 Something bites you but does no damage.
Something hits you.
* * * LOW HITPOINT WARNING * * *
x2 Something bites you.
* * * LOW HITPOINT WARNING * * *
Something hits you but does no damage. Something bites you but does no damage.
You feel much better.
You are no longer corroded.
Something hits you but does no damage. Something completely misses you.
Something hits you!
* * * LOW HITPOINT WARNING * * *
x2 Something bites you but does no damage.
You closely miss something. Something hits you.
* * * LOW HITPOINT WARNING * * *
x2 Something bites you.
* * * LOW HITPOINT WARNING * * *
Something hits you but does no damage. Something bites you but does no damage.
You hit something. Something hits you but does no damage.
Something bites you but does no damage. Something hits you.
* * * LOW HITPOINT WARNING * * *
x2 Something bites you.
* * * LOW HITPOINT WARNING * * *
Okay, then.
You cannot read scrolls in your current state!
A red film seems to cover your vision as you go berserk!
You feel yourself moving faster!
You feel mighty! Something hits you!
* * * LOW HITPOINT WARNING * * *
x2 Something bites you!
* * * LOW HITPOINT WARNING * * *
Something hits you!!
You die...

. #
......#.#........#
..8.8..#.#.........
..##.##...#.....##..
#.##....###.
###.##.....##
#...)†..#...#
#.##.##...#?...
##{##..##....
#8###.........
#..#..........
##.#...#.....:
#........#.#
###{...### # .....#
..H.#


There were no monsters in sight!

Vanquished Creatures
  A crystal guardian (D:10)
  Harold (D:9)
  A hydra (D:10)
  A centaur warrior (D:11)
  An ogre mage (D:10)
  2 two-headed ogres (D:10)
  A tengu warrior (D:10)
  A wizard (D:10)
  An orc knight (Bailey)
  A deep elf pyromancer (D:10)
  An ugly thing (D:9)
  3 cyclopes (D:10)
  2 centaur zombies (D:11)
  Joseph (D:8)
  A gargoyle (D:11)
  Psyche (D:8)
  2 komodo dragons
  2 efreet
  A tengu conjurer (D:11)
  4 trolls
  Prince Ribbit (D:6)
  A hornet (D:9)
  A redback (shapeshifter) (D:11)
  2 wyverns (D:9)
  A wraith (D:11)
  16 yaks (D:10)
  Sigmund (D:2)
  A vampire (D:10)
  7 vampire mosquitoes
  A steam dragon (D:8)
  Edmund (D:6)
  An acid dragon (D:11)
  A swamp drake (D:10)
  2 black bears (D:7)
  2 sky beasts
  13 orc warriors
  A necrophage (D:4)
  4 wolves (D:9)
  2 ogres
  3 centaurs
  2 phantoms
  A kobold brigand (D:8)
  3 bullfrogs
  A gnoll sergeant (D:9)
  A scorpion (D:4)
  2 water moccasin zombies (D:6)
  7 killer bees
  A water moccasin skeleton (D:4)
  A jelly (D:5)
  A bullfrog skeleton (D:5)
  8 orc priests
  Crazy Yiuf (D:6)
  5 hounds
  2 centaur skeletons
  An iguana (D:4)
  11 orc wizards
  A hound skeleton (D:4)
  3 adders
  6 gnolls
  A howler monkey skeleton (D:7)
  A shadow imp (D:5)
  2 white imps (D:5)
  An ufetubus (D:7)
  2 dart slugs
  61 orcs
  7 ball pythons
  6 endoplasms
  4 giant cockroaches
  8 hobgoblins
  3 quokkas (D:2)
  3 bats
  2 frilled lizards (D:2)
  7 goblins
  10 kobolds
  3 rats
270 creatures vanquished.

Vanquished Creatures (others)
  A wizard (D:11)
  An orc wizard (D:11)
2 creatures vanquished.

Grand Total: 272 creatures vanquished

Notes
Turn   | Place    | Note
-------+----------+-------------------------------------------
     0 | D:5      | inmateoo the Ogre Delver began the quest for the Orb.
     0 | D:5      | Reached XP level 1. HP: 24/24 MP: 1/1
   101 | D:5      | Noticed a hound
   120 | D:5      | Reached XP level 2. HP: 32/32 MP: 2/2
   329 | D:1      | Found a faded altar of an unknown god.
   410 | D:1      | Found Jen Tept's Antique Armour Boutique.
   510 | D:1      | Reached XP level 3. HP: 40/40 MP: 3/3
  1080 | D:2      | Reached XP level 4. HP: 49/49 MP: 4/4
  1234 | D:2      | Noticed Sigmund
  1239 | D:2      | Killed Sigmund
  1240 | D:2      | Reached skill level 5 in Fighting
  1240 | D:2      | Reached skill level 1 in Throwing
  1240 | D:2      | Reached XP level 5. HP: 57/57 MP: 5/5
  1595 | D:3      | Reached XP level 6. HP: 66/66 MP: 6/6
  1807 | D:3      | Found a hazy altar of Hepliaklqana.
  1808 | D:3      | Found a snail-covered altar of Cheibriados.
  1808 | D:3      | Found a basalt altar of Yredelemnul.
  2102 | D:4      | Noticed an ice beast
  2102 | D:4      | Noticed MoonlitKnight's ghost (amateur MfGl)
  2194 | D:4      | Reached XP level 7. HP: 37/74 MP: 7/7
  2315 | D:4      | Reached skill level 6 in Fighting
  2364 | D:4      | Found Adghypp's Book Emporium.
  2491 | D:4      | Found a sacrificial altar of Ru.
  2519 | D:4      | Found an ornate altar of the Wu Jian Council.
  2523 | D:4      | Found a burning altar of Makhleb.
  2589 | D:4      | Found a runed translucent gate.
  2589 | D:4      | Found a runed translucent gate.
  2589 | D:4      | Found a runed translucent gate.
  2963 | D:5      | Found a hide-covered altar of Uskayaw.
  2988 | D:5      | Reached skill level 5 in Stealth
  2988 | D:5      | Reached XP level 8. HP: 80/84 MP: 8/8
  3480 | D:6      | Found a runed translucent door.
  3480 | D:6      | Noticed Crazy Yiuf
  3488 | D:6      | Killed Crazy Yiuf
  3550 | D:6      | Reached skill level 7 in Fighting
  3607 | D:6      | Found a shadowy altar of Dithmenos.
  3637 | D:6      | Noticed Edmund
  3643 | D:6      | Killed Edmund
  3644 | D:6      | Reached skill level 5 in Axes
  3693 | D:6      | Found a staircase to the Ecumenical Temple.
  3715 | Temple   | Entered the Ecumenical Temple
  4133 | D:6      | Noticed Prince Ribbit
  4153 | D:6      | Killed Prince Ribbit
  4154 | D:6      | Reached skill level 1 in Unarmed Combat
  4357 | D:7      | Found a sparkling altar of Nemelex Xobeh.
  4359 | D:7      | Found an opulent altar of Gozag.
  4494 | D:7      | Reached XP level 9. HP: 83/96 MP: 9/9
  4511 | D:7      | Found Quatz's Jewellery Boutique.
  4751 | D:7      | Found an iron altar of Okawaru.
  4818 | D:7      | Became a worshipper of Warmaster Okawaru
  4905 | D:7      | Learned a level 1 spell: Apportation
  4912 | D:7      | Learned a level 6 spell: Statue Form
  4999 | D:7      | Reached skill level 5 in Dodging
  5204 | D:8      | Reached skill level 8 in Fighting
  5297 | D:8      | Reached skill level 5 in Throwing
  5402 | D:8      | Found a flagged portal.
  5504 | Bailey   | Entered a bailey
  5600 | Bailey   | Reached * piety under Okawaru
  5601 | Bailey   | Reached skill level 9 in Fighting
  6028 | Bailey   | Reached skill level 1 in Spellcasting
  6028 | Bailey   | Reached skill level 1 in Transmutations
  6028 | Bailey   | Reached skill level 1 in Earth Magic
  6402 | Bailey   | Reached skill level 5 in Transmutations
  6402 | Bailey   | Reached skill level 5 in Earth Magic
  6402 | Bailey   | Reached XP level 10. HP: 107/107 MP: 11/20
  6483 | Bailey   | Noticed an orc knight
  6490 | Bailey   | Reached XP level 11. HP: 115/115 MP: 14/21
  6491 | Bailey   | Killed an orc knight
  6491 | Bailey   | Reached ** piety under Okawaru
  6495 | Bailey   | Identified the +10 executioner's axe "Woqots" {drain,
                  | Dex+4}
  6550 | D:8      | Found a blossoming altar of Fedhas.
  6607 | D:8      | Learned a level 2 spell: Passwall
  6679 | D:8      | Found a broken altar of Ashenzari.
  6680 | D:8      | Noticed Psyche
  6691 | D:8      | Noticed Joseph
  6696 | D:8      | Gained mutation: You do not regenerate when monsters are
                  | visible. [mutagenic glow]
  6711 | D:8      | Gained mutation: Your spells are a little easier to cast,
                  | but a little less powerful. [mutagenic glow]
  6815 | D:8      | Gained mutation: You sometimes lose the ability to read
                  | scrolls when taking damage. [mutagenic glow]
  6825 | D:8      | Killed Joseph
  6888 | D:8      | Killed Psyche
  7180 | D:9      | Noticed a purple ugly thing
  7204 | D:9      | Killed a green ugly thing
  7298 | D:9      | Found a staircase to the Lair.
  7357 | D:9      | Reached *** piety under Okawaru
  7358 | D:9      | Reached skill level 10 in Fighting
  7369 | D:9      | Found Egenarum's Assorted Antiques.
  7532 | D:9      | Noticed Harold
  7540 | D:9      | Killed Harold
  8065 | D:10     | Entered Level 10 of the Dungeon
  8149 | D:10     | Found a bloodstained altar of Trog.
  8290 | D:10     | Reached skill level 5 in Unarmed Combat
  8290 | D:10     | Reached skill level 1 in Invocations
  8290 | D:10     | Reached **** piety under Okawaru
  8310 | D:10     | Found a staircase to the Orcish Mines.
  8635 | D:10     | Received a gift from Okawaru
  8931 | D:11     | Noticed a two-headed ogre
  8934 | D:11     | Noticed a cyclops
  8955 | D:11     | Noticed a wizard
  8961 | D:10     | Killed a two-headed ogre
  8962 | D:10     | Reached XP level 12. HP: 113/128 MP: 19/24
  8965 | D:10     | Received a gift from Okawaru
  9004 | D:11     | Noticed a crystal guardian
  9006 | D:11     | Noticed a tengu warrior
  9007 | D:11     | Noticed an eight-headed hydra
  9169 | D:11     | Noticed a two-headed ogre
  9183 | D:10     | Killed a tengu warrior
  9185 | D:10     | Reached ***** piety under Okawaru
  9186 | D:10     | Reached skill level 11 in Fighting
  9408 | D:10     | Killed a two-headed ogre
  9468 | D:10     | Killed an eight-headed hydra
  9565 | D:11     | Identified the +3 robe of Xom's Approval {rElec rC+}
  9572 | D:10     | Killed a crystal guardian
  9610 | D:11     | Noticed an ogre mage
  9623 | D:10     | Reached ****** piety under Okawaru
  9693 | D:10     | Killed an ogre mage
  9693 | D:10     | Received a gift from Okawaru
  9927 | D:11     | Reached XP level 13. HP: 139/139 MP: 20/26
  9956 | D:11     | Reached skill level 5 in Invocations
  9960 | D:11     | Identified the +4 battleaxe of Loymut {vorpal, rElec rPois
                  | MP-9}
  9980 | D:11     | HP: 11/270 [something (5)]
  9980 | D:11     | HP: 4/270 [something (7)]
  9980 | D:11     | Demolished by a vampire

Illustrated notes

Levels and vault maps discovered:
D:1:      dpeg_arrival_simpleton_c, layout_loops_cross,
          hellmonk_ecumenical_altar_heavens_door, serial_shops,
          nicolae_square_shop
D:2:      layout_basic, minmay_misc_feat_doors, uniq_sigmund
D:3:      layout_rooms, chequers_temple_overflow_statue_of_worship
D:4:      layout_basic, minitemple, serial_shops, nicolae_lakefront_shop,
          gammafunk_ghost_icy, minmay_misc_feat_ornament
D:5:      layout_basic, lemuel_doored_altar
D:6:      layout_basic, grunt_dithmenos_smoke, minmay_temple_entry_glassed_door,
          uniq_prince_ribbit1, uniq_crazy_yiuf_cottage, uniq_edmund
D:7:      layout_basic, general_overflow_altar, nicolae_overflow_hidden_temple,
          minmay_misc_feat_room, nicolae_stop_n_shop_2, grunt_decor_fettered,
          hex_intersection
D:8:      layout_cave_pools, fedhas_altar_1, ashenzari_conservatory_becter,
          enter_bailey_4, minmay_small_thing, uniq_joseph, uniq_psyche
D:9:      layout_long_grid, erik_lair_island, serial_shops, shop, uniq_harold
D:10:     layout_irregular_city, trog_three_pillars_becter, erik_orc_1
D:11:     minmay_the_grid_square_5x5_5x5_mashed
          [minmay_the_grid_square_5x5_tetrominoes,
          minmay_the_grid_square_5x5_plus, minmay_the_grid_square_5x5_six,
          minmay_the_grid_square_5x5_doubleslash,
          minmay_the_grid_square_5x5_three,
          minmay_the_grid_square_5x5_misaligned,
          minmay_the_grid_square_5x5_prize_pseudospiral,
          minmay_the_grid_square_5x5_fancy_junction,
          minmay_the_grid_square_5x5_prize_monsterx,
          minmay_the_grid_square_5x5_minimal,
          minmay_the_grid_square_5x5_hourglass,
          minmay_the_grid_square_5x5_inverted_slash,
          minmay_the_grid_square_5x5_prize_deathbox,
          minmay_the_grid_square_5x5_two_walls_b,
          minmay_the_grid_square_5x5_half_checkered,
          minmay_the_grid_square_5x5_beaten_path,
          minmay_the_grid_square_5x5_prize_waves, minmay_the_grid_square_5x5_v,
          minmay_the_grid_square_5x5_prize_junk, minmay_the_grid_square_5x5_z,
          minmay_the_grid_square_5x5_two, minmay_the_grid_square_5x5_checkered,
          minmay_the_grid_square_5x5_lines, minmay_the_grid_square_5x5_c,
          minmay_the_grid_square_5x5_tri_point], layout_cave_pools
Temple:   corrupted_temple

Skill      XL: |  1  2  3  4  5  6  7  8  9 10 11 12 13 |
---------------+----------------------------------------+-----
Dodging        | 2 3 4 5 6 |  6.0
Stealth        | 4 5 6 |  6.0
Fighting       | 5 6 7 9 10 11 | 11.8
Axes           | 3 4 5 |  5.1
Throwing       | 1 2 3 4 5 |  5.0
Unarmed Combat | 1 3 5 6 |  6.7
Spellcasting   | 6 8 9 |  9.4
Transmutations | 5 6 7 |  7.8
Earth Magic    | 5 6 7 |  7.8
Invocations    | 2 4 5 |  5.0

Action                   |  1- 3 |  4- 6 |  7- 9 | 10-12 | 13-15 || total
-------------------------+-------+-------+-------+-------+-------++-------
Melee: Hand axe          |    25 |       |       |       |       ||    25
       Short sword       |    46 |   114 |   311 |       |       ||   471
       Unarmed           |       |       |       |   351 |    25 ||   376
       Punch             |       |       |       |     9 |       ||     9
Throw: Boomerang         |       |       |    47 |       |       ||    47
       Dart              |       |       |     5 |       |       ||     5
 Cast: Statue Form       |       |       |       |    37 |     2 ||    39
Invok: Heroism           |       |       |       |     1 |       ||     1
Evoke: Wand              |       |       |     3 |     6 |       ||     9
       Condenser vane    |       |       |       |       |     1 ||     1
  Use: Scroll            |     5 |     2 |     8 |     6 |       ||    21
       Potion            |       |       |     3 |       |     5 ||     8
 Stab: Sleeping          |     6 |     8 |    15 |     2 |     1 ||    32
       Distracted        |       |       |     1 |       |       ||     1
       Confused          |       |       |       |     1 |       ||     1
Armor: Robe              |    14 |    21 |    87 |    11 |       ||   133
       Skin              |       |       |       |   523 |    50 ||   573
Dodge: Dodged            |    30 |    49 |   178 |   398 |    25 ||   680
